 Dungeon Crawl Stone Soup version 0.29.1-2-gbd0b4ee654 (webtiles) character file.

Game seed: 6544749124579037642

125 qeuew the Covert (level 4, 0/23 HPs)
             Began as a Spriggan Brigand on Nov 3, 2022.
             Slain by a river rat (9 damage)
             ... on level 3 of the Dungeon.
             The game lasted 00:03:50 (2808 turns).

qeuew the Covert (Spriggan Brigand)                 Turns: 2808, Time: 00:03:51

Health: 0/23       AC:  3    Str:  7    XL:     4   Next: 82%
Magic:  5/5        EV: 17    Int: 12    God:
Gold:   178        SH:  0    Dex: 18    Spells: 3/3 levels left

rFire   . . .      SeeInvis +   a - +2 dagger
rCold   . . .      Faith    .   (no shield)
rNeg    . . .      Spirit   .   b - +0 robe
rPois   +          Reflect  .   (helmet restricted)
rElec   .          Harm     .   c - +0 cloak
rCorr   .          Rampage  .   (gloves unavailable)
Will    .....                   (boots unavailable)
Stlth   ++........              (no amulet)
HPRegen 0.07/turn               j - ring of poison resistance
MPRegen 0.09/turn               (no ring)

@: slow
A: very small, no large weapons, unfitting armour, see invisible, speed 3
a: no special abilities


You were on level 3 of the Dungeon.
You visited 1 branch of the dungeon, and saw 3 of its levels.

You collected 178 gold pieces.

Inventory:

Hand Weapons
 a - a +2 dagger (weapon)
Missiles
 d - 9 poisoned darts (quivered)
 e - 3 curare-tipped darts
Armour
 b - a +0 robe (worn)
 c - a +0 cloak (worn)
Jewellery
 j - a ring of poison resistance (left hand)
Scrolls
 g - 2 scrolls of fear
 i - 2 scrolls of blinking
 k - a scroll of identify
Potions
 f - a potion of flight
 h - a potion of resistance


   Skills:
 + Level 2.0 Fighting
 + Level 3.3 Short Blades
 + Level 2.2 Throwing
 + Level 1.9 Dodging
 + Level 8.0 Stealth


You had 3 spell levels left.
You didn't know any spells.
Your spell library contained the following spells:

 Spells                   Type           Power      Damage    Failure   Level
 Summon Small Mammal      Summ           0%         N/A       32%         1
 Call Canine Familiar     Summ           0%         N/A       69%         3
 Summon Guardian Golem    Hex/Summ       0%         N/A       69%         3


Dungeon Overview and Level Annotations

Branches:
Dungeon (3/15)

Altars:

Shops:
D:1 [

Portals:
Sewer: D:3


Innate Abilities, Weirdness & Mutations

You are very small and have problems with some larger weapons.
You are too small for most types of armour.
You have supernaturally acute eyesight. (SInv)
You cover ground extremely quickly. (Speed+++)


Message History

You hit the dart slug.
The dart slug is almost dead.
You completely miss the dart slug.
The dart slug is almost dead.
The dart slug launches a dart at you. The slug dart misses you.
You hit the dart slug.
You kill the dart slug!
There is an escape hatch in the ceiling here.
A river rat comes into view.
A rat comes into view. 3 rats come into view.
The helpless rat fails to defend itself.
You perforate the rat like a sieve!!!
You kill the rat!
You enter the shallow water.
Moving in this stuff is going to be slow.
The helpless rat fails to defend itself.
You spit the rat like a pig!!!
You kill the rat!
Your unstable footing causes you to fumble your attack.
You hit the rat but do no damage.
The rat splashes around in the water.
You hit the rat.
The rat is severely wounded.
The rat bites you but does no damage.
Your unstable footing causes you to fumble your attack.
You hit the rat.
You kill the rat!
The river rat bites you. The river rat bites you.
You open the door.
A rat and 2 giant cockroaches come into view.
The river rat twitches its whiskers.
The river rat completely misses you.
Found a glowing drain.
You closely miss the river rat. The river rat bites you.
The rat closely misses you.
You closely miss the river rat. The rat closely misses you.
The river rat bites you!
You die...

##########
#.~~~+~~~#
#..~~#B∩~ #.~~~#B~
#..~~#r###
#...~r@~~#
###...~r~~~#
#.......~†~#
#.#........#
#.######..## #.#
#.## #########.##
#.#
....<......#####.#
#######.##.#.....#


You could see a river rat, 2 giant cockroaches and 2 rats.

Vanquished Creatures
  3 gnolls (D:3)
  3 adders
  3 worms
  2 dart slugs
  8 bats
  6 endoplasms
  3 giant cockroaches
  5 goblins
  A hobgoblin (D:1)
  4 kobolds
  4 quokkas
  5 ball pythons
  3 frilled lizards
  8 rats
58 creatures vanquished.

Notes
Turn   | Place    | Note
-------+----------+-------------------------------------------
     0 | D:1      | qeuew the Spriggan Brigand began the quest for the Orb.
     0 | D:1      | Reached XP level 1. HP: 10/10 MP: 2/2
    60 | D:1      | Reached skill level 6 in Stealth
    65 | D:1      | Found Qexob's Armour Boutique.
   152 | D:1      | Reached XP level 2. HP: 15/15 MP: 3/3
   693 | D:1      | Reached skill level 7 in Stealth
   948 | D:1      | Reached XP level 3. HP: 18/18 MP: 4/4
  2123 | D:2      | Reached XP level 4. HP: 23/23 MP: 5/5
  2135 | D:2      | Found a faded altar of an unknown god.
  2666 | D:3      | Reached skill level 8 in Stealth
  2806 | D:3      | Found a glowing drain.
  2808 | D:3      | Slain by a river rat

Illustrated notes

Levels and vault maps discovered:
D:1:      kennysheep_arrival_forest, layout_basic, serial_shops,
          nicolae_lakefront_shop, hangedman_decor_lopped
D:2:      layout_basic, nicolae_ecumenical_lake_church, minivault_14,
          serial_park_tiny_1
D:3:      layout_basic, serial_corexii_hall, chequers_hall_statues_corner_a,
          chequers_hall_statues_wall_a, chequers_hall_statues_corner_a,
          corexii_hall_statues_i, portal_sewer_entry_e, st_stairs_14

Skill      XL: |  1  2  3  4 |
---------------+-------------+-----
Stealth        | 6 7 8 |  8.0
Short Blades   | 3 |  3.3
Fighting       | 2 |  2.0
Throwing       | |  2.2
Dodging        | |  1.9

Action                   |  1- 3 |  4- 6 || total
-------------------------+-------+-------++-------
Melee: Dagger            |   112 |    65 ||   177
       Punch             |       |     1 ||     1
  Use: Scroll            |     3 |     4 ||     7
 Stab: Sleeping          |    18 |    10 ||    28
       Distracted        |     1 |       ||     1
Armor: Robe              |     9 |     7 ||    16
Dodge: Dodged            |    66 |    46 ||   112
